 Dungeon Crawl Stone Soup version 0.27.1-33-g824d729ab1 (webtiles) character file.

Game seed: 6157272193587211207

617 austinbyrn the Shield-Bearer (level 7, -2/44 HPs)
             Began as a Gargoyle Fighter on Dec 10, 2021.
             Slain by a water moccasin (7 damage)
             ... on level 4 of the Dungeon.
             The game lasted 00:09:13 (5467 turns).

austinbyrn the Shield-Bearer (Gargoyle Fighter)     Turns: 5467, Time: 00:09:13

Health: -2/44      AC: 13    Str: 21    XL:     7   Next: 45%
Magic:  7/7        EV:  8    Int:  9    God:
Gold:   183        SH: 10    Dex: 15    Spells: 6/6 levels left

rFire    . . .     SeeInvis .   g - +0 morningstar
rCold    . . .     Faith    .   c - +0 kite shield
rNeg     + . .     Spirit   .   b - +0 scale mail
rPois    ∞         Reflect  .   u - +0 helmet
rElec    +         Harm     .   (no cloak)
rCorr    .         Rampage  .   (no gloves)
Will     .....                  (no boots)
Stlth    ..........             (no amulet)
HPRegen  0.14/turn              h - +6 ring of dexterity
MPRegen  0.10/turn              (no ring)

@: very slightly contaminated
A: sickness immunity, AC +4, negative energy resistance 1, electricity
resistance, torment resistance 1, petrification resistance
a: no special abilities


You were on level 4 of the Dungeon.
You visited 1 branch of the dungeon, and saw 4 of its levels.
You also visited: Sewer.

You collected 183 gold pieces.

Inventory:

Hand Weapons
 g - a +0 morningstar (weapon)
Missiles
 d - a curare-tipped dart
 r - 5 poisoned darts (quivered)
Armour
 b - a +0 scale mail (worn)
 c - a +0 kite shield (worn)
 u - a +0 helmet (worn)
Jewellery
 h - a +6 ring of dexterity (left hand)
Wands
 t - a wand of flame (18)
Scrolls
 e - 5 scrolls of identify {unknown}
 i - a scroll of holy word {unknown}
 k - 2 scrolls of amnesia {unknown}
 m - 2 scrolls of magic mapping {unknown}
 n - a scroll of brand weapon {unknown}
 q - a scroll of fog {unknown}
 v - a scroll of fear {unknown}
 w - a scroll of vulnerability {unknown}
Potions
 a - 2 potions of brilliance {unknown}
 f - 3 potions of curing
 l - 2 potions of heal wounds {unknown}
 o - a potion of cancellation {unknown}
 p - a potion of haste {unknown}
 s - a potion of attraction {unknown}


   Skills:
 + Level 4.8 Fighting
 * Level 4.8 Maces & Flails
 + Level 4.7 Armour
 * Level 5.9 Shields


You had 6 spell levels left.
You didn't know any spells.
Your spell library contained the following spells:

 Spells                   Type           Power      Damage    Failure   Level
 Animate Skeleton         Necr           0%         N/A       98%         1
 Pain                     Necr           0%         1d4       98%         1
 Summon Small Mammal      Summ           0%         N/A       98%         1
 Corpse Rot               Necr/Air       N/A        N/A       99%         2
 Call Canine Familiar     Summ           0%         N/A       100%        3
 Ozocubu's Armour         Ice            0%         N/A       100%        3
 Summon Guardian Golem    Hex/Summ       0%         N/A       100%        3
 Vampiric Draining        Necr           0%         2d6       100%        3
 Dispel Undead            Necr           0%         3d6       100%        4
 Metabolic Englaciation   Hex/Ice        0%         N/A       100%        5
 Death Channel            Necr           0%         N/A       100%        6
 Simulacrum               Ice/Necr       0%         N/A       100%        6


Dungeon Overview and Level Annotations

Branches:
Dungeon (4/15)              Sewer (visited)
 Temple: D:4-7

Altars:
Dithmenos
Sif Muna


Innate Abilities, Weirdness & Mutations

You are immune to sickness and miasma.
Your stone body is resilient. (AC +4)
You are immune to poison.
You resist negative energy. (rN+)
You are resistant to electric shocks. (rElec)
You are resistant to unholy torment.
You are immune to petrification.


Message History

The water moccasin is lightly wounded.
The water moccasin bites you but does no damage.
The water moccasin bites you.
* * * LOW HITPOINT WARNING * * *
Something hits you but does no damage.
You hit the giant cockroach.
You kill the giant cockroach!
The water moccasin barely misses you. Something hits you.
* * * LOW HITPOINT WARNING * * *
You block the water moccasin's attack. Something hits you but does no damage.
You closely miss the water moccasin.
The water moccasin is lightly wounded.
You flicker for a moment.
The water moccasin bites you but does no damage. x2
Something hits you but does no damage.
You barely miss the water moccasin.
The water moccasin is lightly wounded.
You block the water moccasin's attack. Something hits you but does no damage.
The water moccasin bites you but does no damage.
You closely miss the water moccasin.
The water moccasin is lightly wounded.
The water moccasin barely misses you. Something hits you but does no damage.
The water moccasin bites you.
* * * LOW HITPOINT WARNING * * *
You block something's attack.
You puncture the water moccasin!
The water moccasin is severely wounded.
You flicker back into view.
The water moccasin bites you but does no damage.
You block something's attack.
The water moccasin bites you but does no damage.
You closely miss the water moccasin.
The water moccasin is severely wounded.
You block the water moccasin's attack. You block something's attack.
The water moccasin bites you but does no damage.
You block something's attack.
You miss the water moccasin.
The water moccasin is severely wounded.
The water moccasin bites you!
You die...

+....#.#.#.#####..#.......
#....#.#.#.# ########.##
#####+#.#...# ..# #..#
#....†..##### ... ##.#
##.......##..##.. #.#
#........#....'# #..
#.####'#.#....# ##. #
######.##.)# #.
#......##@## #.
#.###.##.S## ## #.#....#
## #.'....# #. ####..#'#
#. ####..# #. ...# #. ..'.
#. .##S #.


You could see a water moccasin.

Vanquished Creatures
  An ogre (D:4)
  2 kobold brigands (Sewer)
  Blork the orc (D:4)
  A scorpion (D:4)
  A bullfrog skeleton (D:4)
  Natasha (twice) (D:4)
  Robin (D:3)
  A gnoll (D:1)
  5 adders
  2 river rats
  An ufetubus (D:4)
  4 worms
  3 dart slugs
  2 orcs
  10 ball pythons
  7 bats
  6 endoplasms
  3 giant cockroaches
  12 hobgoblins
  5 jackals
  3 quokkas
  4 frilled lizards
  14 goblins
  11 kobolds
  5 rats
107 creatures vanquished.

Notes
Turn   | Place    | Note
-------+----------+-------------------------------------------
     0 | D:1      | austinbyrn the Gargoyle Fighter began the quest for the
                  | Orb.
     0 | D:1      | Reached XP level 1. HP: 14/14 MP: 1/1
   247 | D:1      | Reached XP level 2. HP: 14/19 MP: 2/2
   701 | D:1      | Reached XP level 3. HP: 23/23 MP: 3/3
   970 | D:1      | Found a faded altar of an unknown god.
  1556 | D:2      | Reached skill level 4 in Shields
  1889 | D:2      | Found a shimmering blue altar of Sif Muna.
  2141 | D:2      | Reached XP level 4. HP: 29/29 MP: 4/4
  3011 | D:3      | Found a glowing drain.
  3042 | Sewer    | Entered a sewer
  3219 | Sewer    | Reached XP level 5. HP: 33/33 MP: 5/5
  3243 | Sewer    | Noticed a kobold brigand
  3253 | Sewer    | Killed a kobold brigand
  3377 | Sewer    | Noticed a kobold brigand
  3394 | Sewer    | Killed a kobold brigand
  3395 | Sewer    | Reached skill level 5 in Shields
  3395 | Sewer    | Reached XP level 6. HP: 8/38 MP: 6/6
  3887 | D:3      | Found a shimmering blue altar of Sif Muna.
  4214 | D:3      | Noticed Robin
  4439 | D:3      | Killed Robin
  4661 | D:4      | Noticed Blork the orc
  4680 | D:4      | Killed Blork the orc
  4869 | D:4      | Noticed Natasha
  4877 | D:4      | Killed Natasha
  5052 | D:4      | Reached XP level 7. HP: 43/44 MP: 7/7
  5238 | D:4      | Found a shadowy altar of Dithmenos.
  5429 | D:4      | Noticed Natasha
  5440 | D:4      | Killed Natasha
  5467 | D:4      | Slain by a water moccasin

Illustrated notes

Levels and vault maps discovered:
D:1:      amcnicky_arrival_choice, layout_basic,
          hellmonk_ecumenical_altar_lost_god
D:2:      layout_loops_corners, basic_altar, roderic_lattice_a,
          minmay_tromino_v7
D:3:      kennysheep_goblin_castle, layout_loops_ring, marbit_many_paths,
          portal_sewer_entry_a, eino_tiny_chamber
D:4:      minmay_bubble_buster, layout_basic, lemuel_coloured_pillars_altar,
          uniq_natasha, uniq_blork_the_orc

Skill      XL: |  1  2  3  4  5  6 |
---------------+-------------------+-----
Shields        | 4 5 |  5.9
Maces & Flails | 3 4 |  4.8
Fighting       | 4 |  4.8
Armour         | 4 |  4.7

Action                   |  1- 3 |  4- 6 |  7- 9 || total
-------------------------+-------+-------+-------++-------
Melee: Flail             |    85 |       |       ||    85
       Morningstar       |    54 |   228 |    52 ||   334
Throw: Dart              |       |     7 |       ||     7
  Use: Potion            |       |     3 |     2 ||     5
 Stab: Invisible         |       |     1 |     5 ||     6
Armor: Scale mail        |    73 |   138 |    85 ||   296
Dodge: Dodged            |    55 |    76 |    51 ||   182
Block: Kite shield       |    79 |   159 |    75 ||   313
